[Event "Late-Titled-Tuesday-Blitz-June-04-2024"]
[Site "Chess.com"]
[Date "2024.06.04"]
[Round "6"]
[White "DishonorOnYourCow"]
[Black "chessdjw"]
[Result "0-1"]
[WhiteElo "2578"]
[BlackElo "2766"]
[TimeControl "180+1"]
[EndTime "15:03:51 PDT"]
[Termination "chessdjw won on time"]

1. d4 d5 2. c4 e6 3. Nc3 Nf6 4. cxd5 exd5 5. Bg5 Be7 6. e3 h6 7. Bh4 Bg4 8. Qc2 O-O 9. Bd3 c5 10. dxc5 d4 11. Nce2 dxe3 12. fxe3 Nd5 13. Bxe7 Qxe7 14.
e4 Nb4 15. Qd2 Qxc5 16. a3 Nxd3+ 17. Qxd3 Nc6 18. Nf3 Rad8 0-1

[Event "Late-Titled-Tuesday-Blitz-June-04-2024"]
[Site "Chess.com"]
[Date "2024.06.04"]
[Round "6"]
[White "Engima32"]
[Black "AlphaPerseii"]
[Result "0-1"]
[WhiteElo "2464"]
[BlackElo "2355"]
[TimeControl "180+1"]
[EndTime "15:03:57 PDT"]
[Termination "AlphaPerseii won by checkmate"]

1. d4 Nf6 2. Bf4 c5 3. dxc5 Na6 4. Nc3 Nxc5 5. e3 g6 6. Nf3 Bg7 7. Bc4 O-O 8. O-O a6 9. a4 d6 10. a5 b5 11. axb6 Qxb6 12. b3 Bb7 13. Na4 Nxa4 14. Rxa4 Ne4 15. Qe1 Rfc8 16. Qb4 Qc6 17. Bd3 Nc3 18.
Raa1 e5 19. Bg3 e4 20. Nd4 Bxd4 21. Qxd4 exd3 22. Qxd3 Qxg2# 0-1

[Event "Late-Titled-Tuesday-Blitz-June-04-2024"]
[Site "Chess.com"]
[Date "2024.06.04"]
[Round "6"]
[White "Jagerrmeisterr"]
[Black "subham777"]
[Result "0-1"]
[WhiteElo "2669"]
[BlackElo "2563"]
[TimeControl "180+1"]
[EndTime "15:04:01 PDT"]
[Termination "subham777 won by resignation"]

1. e4 e6 2. d4 d5 3. Nd2 c5 4.
dxc5 Bxc5 5. Bd3 Nc6 6. Ngf3 Nge7 7. O-O O-O 8. e5 Ng6 9. Nb3 Bb6 10. Qe2 Bc7 11. Bg5 Qe8 12. Rae1 Ncxe5 13. Nxe5 Nxe5 14. Bxh7+ Kxh7 15. Qh5+ Kg8 16. Bf6 Ng6 17. Re3 e5 18. g4 Qe6 19. Bxg7 Kxg7 20. h3 Rh8 21. Qg5 Bd8 0-1

[Event "Late-Titled-Tuesday-Blitz-June-04-2024"]
[Site "Chess.com"]
[Date "2024.06.04"]
[Round "6"]
[White "PapaieDudu"]
[Black "familijatop71"]
[Result "1-0"]
[WhiteElo "2332"]
[BlackElo "2284"]
[TimeControl "180+1"]
[EndTime "15:04:03 PDT"]
[Termination "PapaieDudu won on time"]

1. Nf3 d5 2. d4 Nf6 3. c4 e6 4. Nc3 Be7 5. Bg5 O-O 6. e3 h6 7. Bh4 b6 8. Bd3 Bb7 9. O-O Nbd7 10. Qe2 c5 11. Rfd1 Ne4 12. Bg3 Nxg3 13. hxg3 Nf6 14. Rac1 Ne4 15. dxc5 Nxc3 16. bxc3 Bxc5 17. cxd5 exd5 18.
c4 Qe7 19. cxd5 Bxd5 20. e4 Bb7 21. Nh4 Rad8 22. Nf5 Qf6 23. e5 Qc6 24. Ne7+ Bxe7 25.
Rxc6 Bxc6 26. Bb1 Bb5 27. Qc2 Rxd1+ 28. Qxd1 Rd8 29. Qf3 Bg5 30. Kh2 a6 31. e6 fxe6 32.
Bg6 Rf8 33. Qb7 Rxf2 34. Qc8+ 1-0

[Event "Late-Titled-Tuesday-Blitz-June-04-2024"]
[Site "Chess.com"]
[Date "2024.06.04"]
[Round "6"]
[White "simaopdias"]
[Black "Viktor_Poddubnyi"]
[Result "1-0"]
[WhiteElo "2224"]
[BlackElo "2352"]
[TimeControl "180+1"]
[EndTime "15:04:05 PDT"]
[Termination "simaopdias won by resignation"]

1. e4 g6 2. d4 Bg7 3. Nc3 d6 4.
Be3 a6 5. Qd2 b5 6. Bd3 Bb7 7.
Nge2 Nd7 8. a4 b4 9. Nd5 a5 10. c3 c6 11. Ndf4 e5 12. Nh3 bxc3 13. bxc3 h6 14.
O-O Qc7 15. Rab1 Ngf6 16. f4 Ng4 17. f5 Nxe3 18. Qxe3 exd4 19. cxd4 O-O 20. fxg6 fxg6 21. Nhf4 g5 22. Ne6 Qc8 23. Nxg7 Kxg7 24. e5 d5 25. Ng3 Ba6 26. Nf5+ Rxf5 27. Rxf5 1-0

[Event "Late-Titled-Tuesday-Blitz-June-04-2024"]
[Site "Chess.com"]
[Date "2024.06.04"]
[Round "6"]
[White "annasargsyan_m"]
[Black "kingofthenil"]
[Result "0-1"]
[WhiteElo "2591"]
[BlackElo "2883"]
[TimeControl "180+1"]
[EndTime "15:04:07 PDT"]
[Termination "kingofthenil won by resignation"]

1. e4 Nc6 2. Nc3 d5 3. Nxd5 f5 4. Nc3 Nf6 5. d3 e5 6. Bg5 h6 7.
Bxf6 Qxf6 8. Nd5 Qf7 9. c4 Bc5 10. Nf3 g5 11. Be2 fxe4 12. dxe4 g4 13. Rf1 gxf3 14. Bxf3 O-O 15. Qd2 Qg7 16. O-O-O Be6 17. Kb1 Rad8 18. Qc3 Kh8 19. a3 Bd4 20. Qb3 Na5 21. Qa4 b6 22. Be2 Qxg2 23. Nxc7 Bg4 24.
Qc2 Bxe2 25. Qxe2 Qf3 26. Qc2 Rc8 27. Ne6 Rxc4 28. Qd2 Qxe4+ 29. Ka2 Rf6 30. Nxd4 Rxd4 31. Qc1 Qd5+ 32. Kb1 Rc6 0-1

[Event "Late-Titled-Tuesday-Blitz-June-04-2024"]
[Site "Chess.com"]
[Date "2024.06.04"]
[Round "6"]
[White "talaicito"]
[Black "Onthequiet"]
[Result "1-0"]
[WhiteElo "2207"]
[BlackElo "2407"]
[TimeControl "180+1"]
[EndTime "15:04:15 PDT"]
[Termination "talaicito won by resignation"]

1. d4 b6 2. e4 Bb7 3. Bd3 g6 4. Qe2 Bg7 5. c3 e6 6. f4 Ne7 7. Nf3 O-O 8. O-O c5 9. Be3 d6 10. Nbd2 Nd7 11. Kh1 d5 12. e5 a5 13.
g4 Qc8 14. Rg1 Ba6 15. f5 exf5 16. Bg5 Re8 17. Bxe7 fxg4 18. Bd6 Bxd3 19. Qxd3 gxf3 20. Qxf3 Qb7 21. Raf1 Nf8 22. Nc4 Ne6 23. Ne3 cxd4 24. Nxd5 Ra7 25. c4 b5 26. c5 Nf4 27. c6 Qxc6 28.
Nf6+ Bxf6 29. Qxc6 1-0

[Event "Late-Titled-Tuesday-Blitz-June-04-2024"]
[Site "Chess.com"]
[Date "2024.06.04"]
[Round "6"]
[White "stollenmonster"]
[Black "wonderfultime"]
[Result "1-0"]
[WhiteElo "2881"]
[BlackElo "3043"]
[TimeControl "180+1"]
[EndTime "15:04:16 PDT"]
[Termination "stollenmonster won by resignation"]

1. e4 e5 2. Nc3 Nf6 3. g3 Bc5 4. Bg2 d6 5. h3 O-O 6. Nge2 Nc6 7. O-O h6 8. d3 Nh7 9. Kh2 f5 10. f4 Bb6 11. exf5 Bxf5 12. g4 Be6 13. f5 Bf7 14. Nd5 Kh8 15. Ng3 Nf6 16. Nxb6 axb6 17. g5 hxg5 18.
Bxg5 Bg8 19. Ne4 Qe8 20. Nxf6 gxf6 21. Bh4 Bh7 22. Bd5 Ne7 23. Be6 Nc6 24. c3 Nd8 25. Bb3 Qe7 26. Qh5 c6 27. Rg1 d5 28. Rg6 Rc8 29. Rag1 Rc7 30. Qh6 1-0

[Event "Late-Titled-Tuesday-Blitz-June-04-2024"]
[Site "Chess.com"]
[Date "2024.06.04"]
[Round "6"]
[White "Slovak_fighter2000"]
[Black "Stanbad1"]
[Result "0-1"]
[WhiteElo "2520"]
[BlackElo "2659"]
[TimeControl "180+1"]
[EndTime "15:04:19 PDT"]
[Termination "Stanbad1 won on time"]

1. d4 Nf6 2. Nf3 g6 3. c4 Bg7 4. Nc3 d6 5. Bg5 O-O 6. e3 c5 7.
Be2 a6 8. O-O Nbd7 9. h3 b6 10.
d5 b5 11. cxb5 axb5 12. Bxb5 Qa5 13. Bc6 Rb8 14. Qc2 Ba6 15. Rfe1 h6 16. Bh4 g5 17. Bg3 Nb6 18. e4 Nh5 19. Bh2 Nc4 20. e5 Rxb2 21. Qc1 Rfb8 22. Ne4 dxe5 23. Nfxg5 hxg5 24. Qxg5 Nf6 25. Bxe5 Nxe5 26. Qxe5 Nxe4 27. Qxe4 R2b4 28. Qxe7 Bxa1 29.
Rxa1 Bd3 30. h4 Qd8 31. Qe3 Rb1+ 32. Rxb1 Rxb1+ 33. Kh2 Qxh4+ 34. Qh3 Qxh3+ 35. Kxh3 Rd1 36. Kg3 Be4 0-1

[Event "Late-Titled-Tuesday-Blitz-June-04-2024"]
[Site "Chess.com"]
[Date "2024.06.04"]
[Round "6"]
[White "GMthekingindian"]
[Black "Squirlolz"]
[Result "0-1"]
[WhiteElo "2355"]
[BlackElo "2509"]
[TimeControl "180+1"]
[EndTime "15:04:19 PDT"]
[Termination "Squirlolz won by resignation"]

1. e4 e5 2. Nf3 Nf6 3. Nxe5 d6 4. Nf3 Nxe4 5. Nc3 Nxc3 6. dxc3 Nc6 7. Be3 Be6 8. Qd2 Qd7 9. O-O-O O-O-O 10. Kb1 Kb8 11. Bb5 a6 12. Ba4 Bg4 13. Qe2 Be7 14. h3 Bh5 15. g4 Bg6 16. Nd4 Nxd4 17. Rxd4 c6 18. Bf4 Ka8 19. c4 Rhe8 20. Qd2 Qc8 21. Rd1 h5 22. f3 hxg4 23. hxg4 Rd7 24. Bxd6 Bf6 25. Be5 Rxd4 26. Bxd4 Rd8 27. Qe3 Qd7 28. Bxc6 Qxc6 29. g5 Qxc4 30. gxf6 Qxc2+ 0-1

[Event "Late-Titled-Tuesday-Blitz-June-04-2024"]
[Site "Chess.com"]
[Date "2024.06.04"]
[Round "6"]
[White "dasatcu90"]
[Black "Road2GM3000"]
[Result "1-0"]
[WhiteElo "2262"]
[BlackElo "2428"]
[TimeControl "180+1"]
[EndTime "15:04:20 PDT"]
[Termination "dasatcu90 won by resignation"]

1. d4 d5 2. Nf3 c6 3. g3 Nf6 4.
c4 Bf5 5. Nc3 e6 6. Nh4 Nbd7 7.
Nxf5 exf5 8. cxd5 cxd5 9. Bg2 Nb6 10. Bg5 h6 11. Bxf6 gxf6 12. Qb3 Qd7 13. Nxd5 Nxd5 14.
Bxd5 O-O-O 15. Bxf7 Qxd4 16. O-O Bc5 17. Rad1 Qe5 18.
Rc1 Kb8 19. Rc2 f4 20. Qe6 fxg3 21. Qxe5+ fxe5 22. Rxc5 Rhf8 23. fxg3 Rd2 24. Rxe5 Rxb2 25. a4 Rd8 26. Re8 Rxe8 27. Bxe8 Rxe2 28. Bb5 Ra2 29. Rf2 Ra1+ 30. Kg2 a6 31. Be8 Kc7 32. Rc2+ Kd8 33. Re2 Rb1 34. Bg6 Rb4 35. Bc2 Kd7 36.
Kf3 b5 37. axb5 axb5 38. g4 Kd6 39. h4 Rc4 40. g5 hxg5 41. hxg5 b4 42. g6 Rc3+ 43.
Kf4 b3 44. Bf5 Rc4+ 45. Kg5 Rc1 46. g7 b2 47. Rxb2 1-0

[Event "Late-Titled-Tuesday-Blitz-June-04-2024"]
[Site "Chess.com"]
[Date "2024.06.04"]
[Round "6"]
[White "Tol_Tol"]
[Black "sergeikim"]
[Result "0-1"]
[WhiteElo "2391"]
[BlackElo "2617"]
[TimeControl "180+1"]
[EndTime "15:04:21 PDT"]
[Termination "sergeikim won by resignation"]

1. d4 Nf6 2. c4 g6 3. Nc3 Bg7 4. e4 d6 5. f3 O-O 6. Be3 Nc6 7. Bd3 e5 8. d5 Ne7 9. Nge2 c5 10. a3 Nh5 11. b4 b6 12. O-O f5 13. exf5 Nxf5 14.
Bxf5 gxf5 15. f4 e4 16. Qd2 Bd7 17. Kh1 Kh8 18. Rab1 Rf6 19. g4 fxg4 20. Nxe4 Rf8 21. Ng5 Qf6 22. bxc5 dxc5 23. Ng3 Nxg3+ 24. hxg3 Rae8 25.
Rbe1 h6 26. Ne6 Bxe6 27. dxe6 Qxe6 28. f5 Rxf5 29. Bf4 Qc6+ 30. Kh2 Rh5+ 31. Kg1 Rh1+ 0-1

[Event "Late-Titled-Tuesday-Blitz-June-04-2024"]
[Site "Chess.com"]
[Date "2024.06.04"]
[Round "6"]
[White "Meri-Arabidze"]
[Black "SaraciNderim"]
[Result "0-1"]
[WhiteElo "2684"]
[BlackElo "2889"]
[TimeControl "180+1"]
[EndTime "15:04:22 PDT"]
[Termination "SaraciNderim won on time"]

1. Nf3 d5 2. c4 e6 3. g3 dxc4 4. Qa4+ Bd7 5. Qxc4 c5 6. Ne5 Bd6 7. Nxd7 Qxd7 8. Bg2 Nc6 9. O-O Rc8 10. d3 Nf6 11. Bg5 Be5 12. Nc3 Nd4 13. a4 h6 14. Bd2 O-O 15. Rfc1 b6 16. e3 Nc6 17. Bf1 Rfd8 18. Qb3 c4 19. Qxc4 Nd4 20. exd4 Rxc4 21. dxe5 Ng4 22.
dxc4 Qxd2 23. Ne4 Qxb2 24. Bg2 Qxe5 25. Rd1 Rxd1+ 26. Rxd1 f5 27. Nd6 Qc5 28. Rd2 Qb4 29. Rd1 Qc5 30. Rd2 Nxf2 31. Kf1 Ng4 32. Ke1 Qe3+ 33.
Kd1 Nxh2 0-1

[Event "Late-Titled-Tuesday-Blitz-June-04-2024"]
[Site "Chess.com"]
[Date "2024.06.04"]
[Round "6"]
[White "slidingknight2775"]
[Black "StellarChess"]
[Result "1-0"]
[WhiteElo "2671"]
[BlackElo "2528"]
[TimeControl "180+1"]
[EndTime "15:04:25 PDT"]
[Termination "slidingknight2775 won by resignation"]

1. d4 Nf6 2. c4 g6 3. Nc3 Bg7 4. e4 d6 5. Be2 O-O 6. Be3 Na6 7.
Nf3 c5 8. d5 Nc7 9. O-O Rb8 10.
a4 Na6 11. Nd2 Nb4 12. f4 Nd7 13. Nf3 Nf6 14. h3 e6 15. e5 dxe5 16. fxe5 Nd7 17. Qd2 Nxe5 18. Nxe5 Bxe5 19. Bxc5 Bd6 20. Bxd6 Qxd6 21.
Ne4 Qe5 22. Nf6+ Kg7 23. Ng4 Qh5 24. Qxb4 exd5 25. Qc3+ f6 26. Nxf6 Qxe2 27. Ng4+ 1-0

[Event "Late-Titled-Tuesday-Blitz-June-04-2024"]
[Site "Chess.com"]
[Date "2024.06.04"]
[Round "6"]
[White "HajiyevKanan"]
[Black "KChor05"]
[Result "0-1"]
[WhiteElo "2518"]
[BlackElo "2643"]
[TimeControl "180+1"]
[EndTime "15:04:29 PDT"]
[Termination "KChor05 won by resignation"]

1. d4 Nf6 2. Nf3 g6 3. g3 Bg7 4. Bg2 O-O 5. O-O d6 6. b3 c6 7. Bb2 d5 8. c4 dxc4 9. bxc4 Nbd7 10. Nbd2 Nb6 11. Qc2 Bg4 12. e4 Bxf3 13. Bxf3 Nfd7 14. c5 Nc8 15. Nc4 b5 16. Na5 Qxa5 17. a4 b4 18. Rfc1 e6 19. h4 Ne7 20. h5 Rac8 21. Kg2 e5 22. hxg6 hxg6 23. Rh1 exd4 24. Bg4 Qxc5 25. Qxc5 Nxc5 26. Bxc8 Rxc8 27. Rhd1 Rd8 28. Kf3 Nb3 29. Rab1 c5 30. Bc1 c4 31. Bg5 Rd7 32.
a5 Nc6 33. a6 d3 34. Be3 Nbd4+ 35. Bxd4 Nxd4+ 36. Ke3 Nc2+ 37. Kf3 b3 38. Rh1 Na3 0-1

[Event "Late-Titled-Tuesday-Blitz-June-04-2024"]
[Site "Chess.com"]
[Date "2024.06.04"]
[Round "6"]
[White "Zura_19"]
[Black "rdarruda"]
[Result "1-0"]
[WhiteElo "2618"]
[BlackElo "2519"]
[TimeControl "180+1"]
[EndTime "15:04:30 PDT"]
[Termination "Zura_19 won by checkmate"]

1. d4 Nf6 2. Nc3 e6 3. e4 Bb4 4. e5 Nd5 5. Bd2 Nxc3 6. bxc3 Be7 7. Bd3 d5 8. Qg4 Kf8 9. Nf3 c5 10. Ng5 h6 11. Nh3 Nc6 12. O-O Bd7 13. Rae1 c4 14. Be2 g6 15. Nf4 Kg7 16. g3 h5 17.
Qf3 b5 18. h4 a5 19. Nh3 b4 20. Ng5 Be8 21. Qg2 bxc3 22. Be3 Nb4 23. Bd1 Nxa2 24.
f4 Nb4 25. g4 hxg4 26. Qxg4 a4 27. f5 exf5 28. Rxf5 Qc8 29. Ref1 Bxg5 30. Bxg5 gxf5 31. Bf6+ Kh6 32. Qg7# 1-0

[Event "Late-Titled-Tuesday-Blitz-June-04-2024"]
[Site "Chess.com"]
[Date "2024.06.04"]
[Round "6"]
[White "NCchamp"]
[Black "Tunahan_Makaraci"]
[Result "0-1"]
[WhiteElo "2425"]
[BlackElo "2574"]
[TimeControl "180+1"]
[EndTime "15:04:31 PDT"]
[Termination "Tunahan_Makaraci won by resignation"]

1. d4 d5 2. c4 e6 3. Nc3 c5 4. cxd5 cxd4 5. Qxd4 Nc6 6. Qd1 exd5 7. Qxd5 Bd6 8. e4 Nf6 9. Qb3 O-O 10. Bg5 h6 11.
Bxf6 Qxf6 12. f3 Qh4+ 13. g3 Bxg3+ 14. hxg3 Qxh1 15. Kf2 Be6 16. Qa4 Qh5 17. Be2 Qc5+ 18. Kf1 Rfd8 19. Qb5 Qxb5 20. Nxb5 Rd2 21. b3 Rad8 22.
f4 a6 23. Na3 Nb4 24. f5 Bd7 25. Nc4 Rd4 26. Bf3 Bb5 27. Ne2 Rd1+ 28. Rxd1 Rxd1+ 29. Kf2 Bxc4 30. bxc4 Nxa2 31. Nf4 Rd8 32. Nd5 a5 33. Bd1 Nb4 34. Nc3 Rd3 0-1

[Event "Late-Titled-Tuesday-Blitz-June-04-2024"]
[Site "Chess.com"]
[Date "2024.06.04"]
[Round "6"]
[White "Godzillator"]
[Black "Marielchessy"]
[Result "0-1"]
[WhiteElo "2410"]
[BlackElo "2346"]
[TimeControl "180+1"]
[EndTime "15:04:31 PDT"]
[Termination "Marielchessy won by checkmate"]

1. e4 c5 2. Nc3 Nc6 3. g3 g6 4. Bg2 Bg7 5. Nge2 d6 6. O-O e5 7. f4 Nge7 8. d3 O-O 9. Nd5 f5 10. exf5 Bxf5 11. Nec3 Nd4 12. Nxe7+ Qxe7 13. Nd5 Qd8 14.
c3 Nc6 15. Be3 Qd7 16. Qd2 Rae8 17. Rae1 Bh3 18. a3 Bxg2 19. Qxg2 Ne7 20. Nxe7+ Rxe7 21. c4 b6 22. b4 exf4 23. Bxf4 Bd4+ 24. Kh1 Rxe1 25. Rxe1 Re8 26. Qd5+ Kg7 27. Re4 Qh3 28. Qb7+ Kf6 29. Bg5+ Kxg5 30. Qd5+ Re5 31. Rxe5+ dxe5 32. Qf3 Qf5 33. h4+ Kf6 34. Qc6+ Kg7 35. Qc7+ Kh6 36.
Kg2 Qf2+ 37. Kh3 Qf1+ 38. Kh2 Bg1+ 39. Kh1 Bf2+ 40. Kh2 Qg1+ 41. Kh3 Qxg3# 0-1

[Event "Late-Titled-Tuesday-Blitz-June-04-2024"]
[Site "Chess.com"]
[Date "2024.06.04"]
[Round "6"]
[White "Lennis93"]
[Black "IMJonathanCarlstedt"]
[Result "1-0"]
[WhiteElo "2736"]
[BlackElo "2571"]
[TimeControl "180+1"]
[EndTime "15:04:33 PDT"]
[Termination "Lennis93 won by resignation"]

1. d4 g6 2. e4 Bg7 3. Nc3 d6 4. f4 a6 5. Nf3 b5 6. h3 Bb7 7.
Bd3 Nd7 8. e5 c5 9. Be4 Bxe4 10.
Nxe4 cxd4 11. exd6 Qb6 12. a4 Ngf6 13. Qe2 O-O 14.
dxe7 Rfe8 15. Nxf6+ Bxf6 16. O-O Rxe7 17. Qf2 Rae8 18. Re1 Rxe1+ 19. Nxe1 d3 20. Nf3 dxc2 21. axb5 axb5 22. Qxb6 Nxb6 23. Ra6 Be7 24. Kf1 Bc5 25. b4 Rd8 26. bxc5 Rd1+ 27. Ke2 Nd5 28. Bd2 Nc3+ 29. Bxc3 1-0

[Event "Late-Titled-Tuesday-Blitz-June-04-2024"]
[Site "Chess.com"]
[Date "2024.06.04"]
[Round "6"]
[White "BashiqChess"]
[Black "gabduschew"]
[Result "1-0"]
[WhiteElo "2474"]
[BlackElo "2325"]
[TimeControl "180+1"]
[EndTime "15:04:33 PDT"]
[Termination "BashiqChess won by resignation"]

1. Nf3 Nf6 2. b3 c5 3. Bb2 d5 4.
e3 Nc6 5. Bb5 a6 6. Bxc6+ bxc6 7. O-O e6 8. d3 Bd6 9. c4 O-O 10. Nc3 d4 11. Na4 dxe3 12. fxe3 Ng4 13. Qe2 f5 14. h3 Nf6 15. e4 Bg3 16. e5 Nh5 17.
Bc1 f4 18. Ba3 g5 19. Bxc5 Rf7 20. Nd4 Rg7 21. Qxh5 1-0

[Event "Late-Titled-Tuesday-Blitz-June-04-2024"]
[Site "Chess.com"]
[Date "2024.06.04"]
[Round "6"]
[White "MrEscacs"]
[Black "Chess_Star1234"]
[Result "1-0"]
[WhiteElo "2169"]
[BlackElo "2405"]
[TimeControl "180+1"]
[EndTime "15:04:36 PDT"]
[Termination "MrEscacs won by resignation"]

1. e4 e5 2. Nf3 Nc6 3. d4 exd4 4. Nxd4 Bc5 5. Nb3 Bb6 6. Nc3 Nf6 7. Qe2 O-O 8. Bg5 h6 9. Be3 d6 10. f3 Re8 11. O-O-O Be6 12. g4 Nd7 13. h4 Qe7 14. h5 Nde5 15. Qf2 Bxe3+ 16. Qxe3 Qg5 17. f4 Nxg4 18.
Qg3 Qd8 19. Kb1 Bd7 20. Rg1 Qf6 21. Nd5 Qd8 22. f5 Ne7 23. Qxg4 g6 24. hxg6 fxg6 25.
Nxe7+ Qxe7 26. Qxg6+ Kh8 27. Qxh6+ 1-0

[Event "Late-Titled-Tuesday-Blitz-June-04-2024"]
[Site "Chess.com"]
[Date "2024.06.04"]
[Round "6"]
[White "jefferyx"]
[Black "JSPrepz"]
[Result "1-0"]
[WhiteElo "3083"]
[BlackElo "2839"]
[TimeControl "180+1"]
[EndTime "15:04:37 PDT"]
[Termination "jefferyx won by checkmate"]

1. b4 e5 2. a3 a5 3. b5 d5 4. Bb2 Bd6 5. e3 Nf6 6. Nf3 Qe7 7. d4 e4 8. Nfd2 c6 9. c4 Nbd7 10. Nc3 O-O 11. g4 dxc4 12. Bxc4 Nb6 13. Be2 Bc7 14. bxc6 bxc6 15. g5 Nfd5 16. Ncxe4 Bf5 17. Bd3 Rab8 18. Rc1 Na4 19. Qxa4 Rxb2 20. Qxc6 Bxe4 21. Nxe4 Qxa3 22. O-O Nxe3 23. Rc3 Bxh2+ 24. Kh1 Qa2 25. fxe3 Bb8 26. Rc2 Qa3 27. Nf6+ Kh8 28. Qe4 g6 29. Qh4 h5 30. Nxh5 Rd8 31. Nf6+ Kg7 32. Qh6# 1-0

[Event "Late-Titled-Tuesday-Blitz-June-04-2024"]
[Site "Chess.com"]
[Date "2024.06.04"]
[Round "6"]
[White "yaguigor"]
[Black "Bond_7_7_7"]
[Result "0-1"]
[WhiteElo "2607"]
[BlackElo "2454"]
[TimeControl "180+1"]
[EndTime "15:04:38 PDT"]
[Termination "Bond_7_7_7 won by resignation"]

1. Nf3 d5 2. d4 Nf6 3. c4 e6 4. Nc3 a6 5. c5 b6 6. cxb6 c5 7. e3 Qxb6 8. Na4 Qc7 9. Nxc5 Bxc5 10.
dxc5 Qxc5 11. Bd2 O-O 12. Rc1 Qb6 13. Bc3 Nbd7 14. Qd4 Bb7 15. Bd3 Qxd4 16. Bxd4 Rfc8 17. Ke2 Kf8 18. b4 Ke7 19. a4 Kd6 20. b5 e5 21. Bb2 e4 22. Ba3+ Nc5 23. Rhd1 exd3+ 24. Rxd3 axb5 25. Bxc5+ Rxc5 26. Rxc5 Kxc5 27. axb5 Ra2+ 28. Rd2 Rxd2+ 29. Kxd2 Ne4+ 30. Ke1 Kxb5 31. Nd4+ Kc5 32. f3 Nd6 33. h4 Bc8 34. g3 Nf5 35. Nb3+ Kb4 0-1

[Event "Late-Titled-Tuesday-Blitz-June-04-2024"]
[Site "Chess.com"]
[Date "2024.06.04"]
[Round "6"]
[White "rasmussvane"]
[Black "Statham_01"]
[Result "1-0"]
[WhiteElo "2925"]
[BlackElo "2716"]
[TimeControl "180+1"]
[EndTime "15:04:39 PDT"]
[Termination "rasmussvane won by resignation"]

1. Nf3 d5 2. g3 Nc6 3. d4 Bf5 4.
Bg2 Nb4 5. Na3 e6 6. O-O h6 7. c3 Nc6 8. Qa4 Bd6 9. c4 Nf6 10.
c5 Be7 11. Ne5 Be4 12. Bf4 Nh5 13. Nxc6 Qd7 14. Nb5 Nxf4 15. Ne5 Nxe2+ 16. Kh1 Bxg2+ 17. Kxg2 Qd8 18. Nd6+ Kf8 19. Ndxf7 Qc8 20. Nxh8 Kg8 21. Nhg6 Bf6 22. Rae1 b5 23. Qd1 1-0

[Event "Late-Titled-Tuesday-Blitz-June-04-2024"]
[Site "Chess.com"]
[Date "2024.06.04"]
[Round "6"]
[White "azzbrn"]
[Black "Arimin1329"]
[Result "1-0"]
[WhiteElo "2511"]
[BlackElo "2358"]
[TimeControl "180+1"]
[EndTime "15:04:40 PDT"]
[Termination "azzbrn won by resignation"]

1. e4 c6 2. d4 d5 3. e5 Bf5 4. Nd2 h6 5. Nb3 e6 6. Nf3 Nd7 7. Be2 c5 8. Nxc5 Bxc5 9. dxc5 Nxc5 10.
Be3 Nd7 11. O-O Ne7 12. c4 O-O 13. Rc1 Rc8 14. Qb3 b6 15. Rfd1 Nc5 16. Qa3 Qd7 17.
Nd4 Bg6 18. Nb5 Nf5 19. Bf4 d4 20. g4 Nh4 21. Bg3 Qe7 22. Qxa7 Nd7 23. Rxd4 Rfd8 24. Rcd1 Ra8 25. Qb7 Rab8 26. Qc7 Rbc8 27. Qd6 Qg5 28.
f4 1-0

[Event "Late-Titled-Tuesday-Blitz-June-04-2024"]
[Site "Chess.com"]
[Date "2024.06.04"]
[Round "6"]
[White "arnoldpetra"]
[Black "Heinza9"]
[Result "1-0"]
[WhiteElo "2490"]
[BlackElo "2345"]
[TimeControl "180+1"]
[EndTime "15:04:40 PDT"]
[Termination "arnoldpetra won by resignation"]

1. d4 Nf6 2. c3 g6 3. Nf3 Bg7 4. Bf4 O-O 5. h3 b6 6. e3 Bb7 7. Be2 d6 8. a4 a5 9. Na3 Nbd7 10. O-O Ne4 11. Nc4 Qe8 12. Re1 e5 13. Bh2 f5 14.
Bf1 Qe6 15. Qb3 Rae8 16. Nxa5 Bd5 17. c4 Ba8 18. d5 Qf7 19. Nc6 Bxc6 20. dxc6 Ndc5 21.
Qc2 f4 22. exf4 exf4 23. b4 Bxa1 24. bxc5 Nxc5 25. Rxa1 Qf5 26. Qxf5 Rxf5 27. Nd4 Rff8 28. Nb5 Rf7 29. g4 g5 30. Bg2 Kg7 31. Bd5 Rfe7 32. Kg2 Ra8 33. Bg1 Rxa4 34. Rxa4 Nxa4 35. f3 Nc5 36. Bxc5 bxc5 37. Kf2 Kf6 38. Be4 Ke5 39.
Bf5 d5 40. cxd5 Kxd5 41. Bd7 c4 42. Nxc7+ Kc5 43. Ne6+ Rxe6 44. Bxe6 Kxc6 45. Bxc4 Kd6 46. Bd3 h6 47. Ke2 Ke5 48. Bg6 Kd4 49. Kd2 1-0

[Event "Late-Titled-Tuesday-Blitz-June-04-2024"]
[Site "Chess.com"]
[Date "2024.06.04"]
[Round "6"]
[White "Love7Unicorn"]
[Black "Evan_Attaker"]
[Result "0-1"]
[WhiteElo "2552"]
[BlackElo "2701"]
[TimeControl "180+1"]
[EndTime "15:04:44 PDT"]
[Termination "Evan_Attaker won by checkmate"]

1. d4 c5 2. d5 g6 3. c4 Bg7 4. e4 d6 5. f4 Nf6 6. Nc3 O-O 7. Be2 e6 8. Nf3 exd5 9. cxd5 Nbd7 10. e5 dxe5 11.
fxe5 Ng4 12. e6 Nde5 13. Ne4 fxe6 14. d6 Bd7 15. O-O Bc6 16. Bg5 Qb6 17. Nxe5 Nxe5 18.
Nf6+ Kh8 19. Qe1 Qxb2 20. Rd1 Nd7 21. Nxd7 Bxd7 22. Be7 Rxf1+ 23. Bxf1 Qxa2 24. Qe4 Bc6 25. Qh4 Qc2 26. Rd3 c4 27. Rh3 h5 28. Bxc4 Qxg2# 0-1

[Event "Late-Titled-Tuesday-Blitz-June-04-2024"]
[Site "Chess.com"]
[Date "2024.06.04"]
[Round "6"]
[White "1g60-1"]
[Black "Cuchulin"]
[Result "1-0"]
[WhiteElo "2456"]
[BlackElo "2272"]
[TimeControl "180+1"]
[EndTime "15:04:46 PDT"]
[Termination "1g60-1 won by resignation"]

1. e4 c5 2. Nf3 Nc6 3. d4 cxd4 4.
Nxd4 g6 5. c4 Nf6 6. Nc3 d6 7.
Nc2 Bg7 8. Be2 O-O 9. O-O a5 10. f3 a4 11. Rb1 Qa5 12. Bd2 Qd8 13. Kh1 Be6 14. Na3 Ne5 15. Be3 Qc8 16. Nd5 Nxd5 17.
cxd5 Bd7 18. Rc1 Qe8 19. f4 Ng4 20. Bxg4 Bxg4 21. Qxg4 Bxb2 22. Nb1 Bxc1 23. Bxc1 Qb5 24. Nd2 Rac8 25. Qf3 Rc2 26. f5 Qc5 27. fxg6 Rxc1 28. gxf7+ Kh8 29. h3 Rxf1+ 30. Qxf1 Qe3 31. Qa1+ e5 32.
dxe6+ 1-0

[Event "Late-Titled-Tuesday-Blitz-June-04-2024"]
[Site "Chess.com"]
[Date "2024.06.04"]
[Round "6"]
[White "MKlose11"]
[Black "jucAxx"]
[Result "0-1"]
[WhiteElo "2592"]
[BlackElo "2382"]
[TimeControl "180+1"]
[EndTime "15:04:47 PDT"]
[Termination "jucAxx won by checkmate"]

1. e4 e6 2. d4 d5 3. Nc3 Bb4 4. Bd2 Ne7 5. Qg4 O-O 6. h4 e5 7. Qd1 exd4 8. Nxd5 Nxd5 9. exd5 Bxd2+ 10. Qxd2 Re8+ 11.
Be2 Qxd5 12. Nf3 c5 13. O-O Bg4 14. c3 Nc6 15. Rfe1 Rad8 16. cxd4 Nxd4 17. Nxd4 Bxe2 18. Rxe2 Rxe2 19. Qxe2 Qxd4 20. Qe7 b6 21. Re1 h6 22. b3 Rd7 23. Qe8+ Kh7 24. g3 Qd5 25. Qb8 Qf3 26. Rf1 Qe4 27. Qf8 f5 28. h5 Qe5 29.
Qc8 Rd2 30. Qc6 f4 31. Qg6+ Kg8 32. g4 f3 33. a4 Qe2 34. g5 Qxf1+ 35. Kxf1 Rd1# 0-1

[Event "Late-Titled-Tuesday-Blitz-June-04-2024"]
[Site "Chess.com"]
[Date "2024.06.04"]
[Round "6"]
[White "andrejljepic"]
[Black "tactic"]
[Result "1-0"]
[WhiteElo "2437"]
[BlackElo "2556"]
[TimeControl "180+1"]
[EndTime "15:04:48 PDT"]
[Termination "andrejljepic won by resignation"]

1. d4 Nf6 2. Bg5 Ne4 3. Bf4 d5 4. Nd2 Nf6 5. Ngf3 g6 6. e3 Bg7 7.
h3 Nbd7 8. Bd3 O-O 9. O-O c5 10. c3 b6 11. Ne5 Bb7 12. Qe2 Nh5 13. Bh2 Nxe5 14. dxe5 Bh8 15. Rad1 Ng7 16. e4 d4 17.
f4 Ne8 18. Nf3 dxc3 19. bxc3 Qc8 20. f5 a6 21. e6 fxe6 22. Bc4 Ng7 23. Ng5 b5 24.
Bxe6+ Nxe6 25. Nxe6 Re8 26. Qg4 Bf6 27. e5 Bg7 28.
fxg6 h6 29. Rf7 Bf8 30. g7 Kxf7 31. Rf1+ Bf3 32. Rxf3+ 1-0